 Dungeon Crawl Stone Soup version 0.30.0-29-ga12c61a403 (webtiles) character file.

Game seed: 3394282514629860580

129845 IndexError the Warrior (level 16, -3/149 HPs)
             Began as a Purple Draconian Conjurer on June 5, 2023.
             Was a High Priest of Sif Muna.
             Slain by brae's ghost (4 damage)
             ... on level 15 of the Dungeon on June 6, 2023.
             The game lasted 01:48:28 (33937 turns).

IndexError the Warrior (Purple Draconian Conjurer) Turns: 33937, Time: 01:48:29

Health: -3/149     AC: 20    Str: 15    XL:     16   Next: 51%
Magic:  15/32      EV: 17    Int: 26    God:    Sif Muna [*****.]
Gold:   3317       SH:  0    Dex: 13    Spells: 16/39 levels left

rFire   . . .        a - +7 great mace of Xoetzox {spect, *Noise Will+++ Str+5}
rCold   + . .        (shield currently unavailable)
rNeg    . . .        (body armour unavailable)
rPois   +            r - +2 hat
rElec   .            j - +2 cloak
rCorr   .            T - +2 pair of gloves {Dex+3}
SInv    .            S - +2 pair of boots {rampage}
Will    +++++        d - amulet of regeneration {+regen, !d}
Stlth   ++           R - ring of protection from cold {rC+, !d}
HPRegen 1.24/turn    P - ring of poison resistance {rPois, !d}
MPRegen 0.23/turn

%: rampage
@: lethally poisoned (-3 -> -15), slowed, very slow
A: breathe power, AC +9, unfitting armour, cold-blooded
a: Breathe Dispelling Energy, Renounce Religion, Channel Magic, Forget Spell,
Divine Exegesis


You were on level 15 of the Dungeon.
You worshipped Sif Muna.
Sif Muna was extremely pleased with you.
You visited 5 branches of the dungeon, and saw 24 of its levels.
You also visited: Bailey and Volcano.

You collected 3562 gold pieces.
You spent 245 gold pieces at shops.

Inventory:

Hand Weapons
 a - the +7 great mace of Xoetzox (weapon) {spect, *Noise Will+++ Str+5}
   (You took it off an ettin on level 2 of the Orcish Mines)

   Str:       It affects your strength (+5).
   *Noise:    It may make noises in combat.
   Will:      It greatly increases your willpower.
Armour
 g - a +0 buckler of reflection
   (You found it on level 1 of the Dungeon)
 j - a +2 cloak (worn)
   (You found it on level 12 of the Dungeon)
 r - a +2 hat (worn)
   (You found it on level 8 of the Dungeon)
 S - a +2 pair of boots of rampaging (worn)
   (You bought it in a shop on level 1 of the Orcish Mines)
 T - a +2 pair of gloves of dexterity (worn)
   (You found it on level 2 of the Orcish Mines)
Magical Staves
 b - a staff of conjuration {!a}
   (You took it off a deep elf high priest on level 12 of the Dungeon)
 O - a staff of fire {rF+}
   (You found it on level 6 of the Dungeon)
 Z - a staff of cold {rC+}
   (You found it on level 5 of the Lair of Beasts)
Jewellery
 d - an amulet of regeneration (around neck) {+regen, !d}
   (You found it on level 5 of the Dungeon)
 A - a +4 ring of protection
   (You found it on level 8 of the Dungeon)
 N - a ring of flight {+Fly, !d}
   (You found it on level 3 of the Lair of Beasts)
 P - a ring of poison resistance (right hand) {rPois, !d}
   (You took it off a deep elf high priest on level 12 of the Dungeon)
 R - a ring of protection from cold (left hand) {rC+, !d}
   (You found it on level 5 of the Lair of Beasts)
 V - a ring of protection from fire {rF+, !d}
   (You found it on level 5 of the Lair of Beasts)
Wands
 m - a wand of charming (22)
   (You found it on level 8 of the Dungeon)
 u - a wand of mindburst (21)
   (You found it on level 4 of the Dungeon)
 v - a wand of iceblast (22)
   (You found it on level 4 of the Dungeon)
 L - a wand of digging (6)
   (You found it on level 4 of the Lair of Beasts)
 Q - a wand of polymorph (8)
   (You found it on level 12 of the Dungeon)
 U - a wand of quicksilver (9)
   (You took it off Sonja on level 3 of the Lair of Beasts)
 Y - a wand of flame (15)
   (You found it on level 2 of the Lair of Beasts)
Scrolls
 c - 3 scrolls of torment {!r}
 e - 5 scrolls of summoning
 i - 4 scrolls of fear
 z - 4 scrolls of vulnerability {!r!r}
 B - 2 scrolls of amnesia
 C - 4 scrolls of silence
 D - 4 scrolls of fog
 E - 4 scrolls of teleportation
 G - a scroll of blinking {!r}
 H - a scroll of magic mapping {!r}
 K - 2 scrolls of poison {!r}
Potions
 f - 2 potions of flight
 k - 4 potions of heal wounds
 l - 3 potions of brilliance
 n - 6 potions of curing
 o - 7 potions of might
 p - a potion of ambrosia
 q - 4 potions of haste
 t - 3 potions of lignification {!q}
 w - 2 potions of invisibility
 x - 6 potions of mutation {!q}
 y - 7 potions of magic
 F - a potion of resistance
 M - 3 potions of cancellation
 X - 2 potions of attraction {!q}
Miscellaneous
 h - a box of beasts
   (You found it on level 14 of the Dungeon)
 s - a condenser vane
   (You found it on level 12 of the Dungeon)
 I - a phial of floods
   (You found it in a bailey)
 J - a lightning rod (4/4)
   (You found it on level 5 of the Lair of Beasts)
 W - a phantom mirror
   (You found it on level 4 of the Lair of Beasts)


   Skills:
 - Level 15.0 Fighting
 + Level 6.8 Staves
 + Level 11.8 Dodging
 - Level 1.7 Stealth
 - Level 5.0 Shields
 - Level 12.0 Spellcasting
 - Level 12.0 Conjurations
 - Level 6.0 Hexes
 - Level 5.3 Translocations
 - Level 7.0 Ice Magic
 - Level 7.0 Air Magic
 - Level 10.0 Invocations
 + Level 7.5 Evocations


You had 16 spell levels left.
You knew the following spells:

 Your Spells              Type           Power      Damage    Failure   Level
a - Magic Dart            Conj           100%       1d8       1%          1
b - Searing Ray           Conj           100%       2d8       1%          2
c - Fulminant Prism       Conj/Hex       29%        3d14      1%          4
d - Freezing Cloud        Conj/Ice/Air   28%        6-21      3%          5
e - Cigotuvi's Dreadful   Necr/Pois/Air  54%        N/A       2%          2
x - Iskenderun's Mystic   Conj/Tloc      57%        2d12      1%          4
z - Iskenderun's Battles  Conj           67%        2d12      1%          5

Your spell library contained the following spells:

 Spells                   Type           Power      Damage    Failure   Level
 Foxfire                  Conj/Fire      100%       2x1d9     1%          1
 Kiss of Death            Conj/Necr      100%       2d13      1%          1
 Shock                    Conj/Air       100%       1d9       1%          1
 Ensorcelled Hibernation  Hex/Ice        98%        N/A       1%          2
 Lesser Beckoning         Tloc           86%        N/A       1%          2
 Momentum Strike          Conj/Tloc      100%       3d10      1%          2
 Static Discharge         Conj/Air       100%       2-7/arc   1%          2
 Dazzling Flash           Conj/Hex       100%       N/A       1%          3
 Gell's Gravitas          Tloc           43%        N/A       1%          3
 Hailstorm                Conj/Ice       60%        3d13      1%          3
 Ozocubu's Armour         Ice            51%        N/A       1%          3
 Stone Arrow              Conj/Erth      92%        3d12      1%          3
 Swiftness                Air            51%        N/A       1%          3
 Teleport Other           Tloc           43%        N/A       1%          3
 Tukima's Dance           Hex            46%        N/A       1%          3
 Arcjolt                  Conj/Air       30%        1d40      1%          5
 Necrotise                Necr           60%        1d7       3%          1
 Sandblast                Erth           30%        2d9       3%          1
 Cause Fear               Hex            23%        N/A       3%          4
 Passwall                 Tmut/Erth      12%        N/A       5%          2
 Metabolic Englaciation   Hex/Ice        24%        N/A       7%          5
 Silence                  Hex/Air        24%        N/A       7%          5
 Spider Form              Tmut/Pois      15%        N/A       11%         3
 Vampiric Draining        Necr           15%        2d7       11%         3
 Anguish                  Hex/Necr       15%        N/A       11%         4
 Leda's Liquefaction      Hex/Erth       15%        N/A       11%         4
 Conjure Ball Lightning   Conj/Air       30%        3x3d10    12%         6
 Dispel Undead            Necr           15%        3d10      36%         4
 Olgreb's Toxic Radiance  Pois           15%        N/A       36%         4
 Agony                    Necr           15%        N/A       71%         5
 Lee's Rapid Deconstruct  Erth           7%         3d7*      71%         5
 Simulacrum               Ice/Necr       16%        N/A       80%         6
 Enfeeble                 Hex            23%        N/A       95%         7
 Death Channel            Necr           7%         N/A       99%         6
 Eringya's Noxious Bog    Tmut/Pois      7%         N/A       99%         6
 Statue Form              Tmut/Erth      10%        N/A       99%         6
 Chain Lightning          Conj/Air       30%        3d40      100%        9
 Fire Storm               Conj/Fire      23%        8d6       100%        9
 Polar Vortex             Ice            25%        N/A       100%        9
 Shatter                  Erth           7%         3d10*     100%        9


Dungeon Overview and Level Annotations

Branches:
Dungeon (15/15)            Temple (1/1) D:7            Lair (5/5) D:10
 Shoals (0/4) Lair:2        Snake (1/4) Lair:3        Slime (0/5) Lair:4
    Orc (2/2) D:12            Elf (0/3) Orc:2        Vaults (0/5) D:14
 Depths (0/4) D:15         Bailey (visited)         Volcano (visited)

Altars:
Ashenzari
Cheibriados
Dithmenos
Elyvilon
Fedhas
Gozag
Hepliaklqana
Kikubaaqudgha
Makhleb
Nemelex Xobeh
Okawaru
Qazlal
Ru
Sif Muna
Trog
Uskayaw
Vehumet
Wu Jian
Xom
Yredelemnul
Zin
The Shining One
Jiyva

Shops:
D:13 ?   Orc:1 [   Orc:2 :!(?*

Annotations:
D:11 exclusion: door
D:15 1 transporter, brae's ghost, adept HuBe
Snake:1 Aizul, Kirke


Innate Abilities, Weirdness & Mutations

You can breathe bolts of dispelling energy.
Your rich purple scales are hard. (AC +9)
You cannot fit into any form of body armour.
You are cold-blooded and may be slowed by cold attacks.


Message History

The meliai stings you but does no damage.
The queen bee is engulfed in freezing vapours.
Brae's ghost hits you.
You are more poisoned.
The meliai hits you with a +0 hand axe!
The meliai stings you but does no damage.
You take 15 damage, and have 104/149 hp.
You now have 27/32 mp.
Casting: Freezing Cloud (mildly dangerous; 3% risk of failure)
Confirm with . or Enter, or press ? or * to list all spells.
Aiming: Freezing Cloud (mildly dangerous; 3% risk of failure)
Press: ? - help, Dir - move target, f - meliai, p - queen bee
Aim: a meliai, wielding a +0 hand axe and wearing a +0 leather armour That beam is likely to hit you.
Continue anyway?
You are engulfed in freezing vapours.
You feel yourself slow down.
You feel very sick.
The killer bee is engulfed in freezing vapours.
The meliai is engulfed in freezing vapours. x2
The meliai barely misses you. The meliai closely misses you.
The killer bee is engulfed in freezing vapours.
The hornet is engulfed in freezing vapours.
The queen bee is engulfed in freezing vapours.
The queen bee calls on the meliai to defend it!
The meliai goes berserk!
Brae's ghost closely misses you.
The killer bee is engulfed in freezing vapours.
The meliai is engulfed in freezing vapours.
The meliai hits you but does no damage. The meliai misses you.
The killer bee is engulfed in freezing vapours.
The meliai is engulfed in freezing vapours.
The hornet is engulfed in freezing vapours.
You take 14 damage, and have 90/149 hp.
You now have 22/32 mp.
You're wearing all the rings you can.
Remove which one? (? for menu, Esc to cancel) < or
A - a +4 ring of protection > or
P - a ring of poison resistance {rPois, !d} You remove your +4 ring of protection.
You are engulfed in freezing vapours.
You feel as though you will be slow longer.
You feel sick.
The meliai is engulfed in freezing vapours.
The meliai barely misses you. The meliai stings you.
The killer bee is engulfed in freezing vapours.
Sif Muna accepts your kill.
The meliai is engulfed in freezing vapours.
The killer bee is engulfed in freezing vapours.
Sif Muna accepts your kill.
The meliai is engulfed in freezing vapours.
The meliai hits you with a +0 hand axe! The meliai barely misses you.
The queen bee is engulfed in freezing vapours.
The queen bee barely misses you.
Brae's ghost hits you but does no damage.
The hornet is engulfed in freezing vapours.
The meliai is engulfed in freezing vapours.
Sif Muna accepts your kill.
R - a ring of protection from cold (left hand) {rC+, !d} You are engulfed in freezing vapours.
You resist.
You feel very sick.
The meliai is engulfed in freezing vapours.
The meliai misses you. The meliai barely misses you.
The meliai is engulfed in freezing vapours.
The meliai hits you with a +0 hand axe!!
* * * LOW HITPOINT WARNING * * *
The meliai stings you but does no damage.
The hornet is engulfed in freezing vapours.
The queen bee is engulfed in freezing vapours.
Sif Muna accepts your kill. Brae's ghost barely misses you.
The hornet is engulfed in freezing vapours.
You take 52 damage, and have 38/149 hp.
MASSIVE DAMAGE!!
Casting: Freezing Cloud (mildly dangerous; 3% risk of failure)
Confirm with . or Enter, or press ? or * to list all spells.
You erupt in a blast of force!
The mystic blast hits the hornet!
The hornet is knocked back by the mystic blast.
The hornet slams into the rock wall!
Sif Muna accepts your kill.
The mystic blast hits the hornet!
The hornet is knocked back by the mystic blast.
The hornet slams into the rock wall!
The mystic blast hits brae's ghost but does no damage.
The mystic blast hits the meliai!
Sif Muna accepts your kill.
You are engulfed in freezing vapours.
You resist.
* * * LOW HITPOINT WARNING * * *
You feel very sick.
The hornet is engulfed in freezing vapours.
Brae's ghost hits you!
* * * LOW HITPOINT WARNING * * *
You are lethally poisoned!
The hornet is engulfed in freezing vapours.
You take 21 damage, and have 17/149 hp.
You now have 19/32 mp.
Casting: Iskenderun's Mystic Blast (mildly dangerous; 1% risk of failure)
Confirm with . or Enter, or press ? or * to list all spells.
You erupt in a blast of force!
The mystic blast hits the hornet!
Sif Muna accepts your kill.
The mystic blast hits brae's ghost but does no damage.
You are engulfed in freezing vapours.
You resist.
* * * LOW HITPOINT WARNING * * *
x2 You feel extremely sick.
Brae's ghost ripples.
Brae's ghost hits you.
You die...

#...#####yyyyy#####.........
#..###..y#yyy#y.y###...#....
#..##..#..###..#..##..#####.
#..###...#...#.#.###..#####.
#...#####..#..#####....#.#..
##.###.§§#.. #§§§###........
#.##..#§§###§§#..##.....#..
#.###.○§#§§W#§#.###........
#..#####§§@§§#####..!..###.
##..#############..#..## #.
##.......©..........## #.
########.........### ##
###########


You could see brae's ghost.

Vanquished Creatures
  Rupert (D:13)
  A red draconian (Volcano)
  The ghost of fungusakafungus the Cleaver, a journeyman MiBe of Trog (Orc:2)
  2 fire dragons (Lair:5)
  2 ettins
  A deep elf high priest (D:12)
  Erolcha (D:13)
  4 hydras
  8 vault guards (D:14)
  10 two-headed ogres
  5 centaur warriors
  A boulder beetle (D:12)
  An ogre mage (D:15)
  5 death yaks
  Urug (Orc:1)
  An orc high priest (Orc:2)
  A skyshark (Lair:3)
  Amaemon (Lair:2)
  A deep elf knight (D:14)
  Sonja (Lair:3)
  A salamander mystic (Volcano)
  10 skeletal warriors
  A phantasmal warrior (D:12)
  A swamp dragon (Lair:5)
  A swamp dragon (shapeshifter) (D:15)
  A deep elf archer (D:14)
  3 orc knights (D:15)
  2 deep elf pyromancers
  A wolf spider zombie (D:13)
  A wizard (D:15)
  A wolf spider (D:15)
  3 lindwurms
  7 orc sorcerers
  A wolf spider (shapeshifter) (D:12)
  17 ugly things
  3 manticores
  5 salamanders (Volcano)
  7 cyclopes
  2 oklob plants (Lair:4)
  An elephant (shapeshifter) (D:14)
  21 elephants
  Maurice (D:13)
  9 black mambas
  3 centaur zombies (D:13)
  An orange demon (Lair:3)
  10 cane toads
  6 torpor snails (Lair:5)
  A gargoyle (D:11)
  A molten gargoyle (Volcano)
  An unseen horror (D:12)
  A komodo dragon (shapeshifter) (D:15)
  A freezing wraith (D:14)
  2 kobold demonologists
  7 rime drakes
  2 efreet
  5 komodo dragons
  2 polar bears (Lair:1)
  A merfolk (D:15)
  A queen bee (D:15)
  3 tyrant leeches (Lair:5)
  10 trolls
  8 hornets
  2 meliai (D:15)
  A snapping turtle (Lair:2)
  2 meliai zombies (D:13)
  22 blink frogs
  4 slime creatures
  6 shadows
  3 vampires
  A spriggan (D:8)
  Eustachio (D:6)
  5 wraiths
  54 yaks
  4 fire bats (Volcano)
  2 wyverns
  2 hogs (Lair:3)
  8 basilisks
  4 steam dragons
  Grum (D:9)
  14 vampire mosquitoes
  4 wargs
  17 water moccasins
  4 acid dragons
  2 swamp drakes
  35 orc warriors
  2 sky beasts
  3 black bears
  22 wolves
  4 centaurs
  15 ogres
  A phantom (D:6)
  3 kobold brigands
  3 gnoll sergeants
  10 bullfrogs
  6 scorpions
  11 wights
  17 killer bees
  12 howler monkeys
  13 electric eels
  A crimson imp (D:7)
  7 lava snakes (Volcano)
  21 orc priests
  5 hounds
  11 hell rats
  6 iguanas
  A sleepcap (D:6)
  A boggart zombie (D:13)
  27 orc wizards
  20 gnolls
  9 adders
  5 river rats
  2 white imps (D:6)
  An ufetubus (D:6)
  2 worms
  2 dart slugs
  88 orcs
  5 bats
  5 endoplasms
  3 giant cockroaches
  18 goblins
  11 hobgoblins
  7 jackals
  7 quokkas
  6 ball pythons
  6 frilled lizards
  12 kobolds
  12 rats
836 creatures vanquished.

Vanquished Creatures (collateral kills)
  An orc warlord (Bailey)
1 creature vanquished.

Vanquished Creatures (others)
  A steam dragon (Lair:5)
  2 iguanas (Lair:5)
  An orc (D:15)
  124 fulminant prisms
  2 spectral weapons (D:13)
130 creatures vanquished.

Grand Total: 967 creatures vanquished

Notes
Turn   | Place    | Note
-------+----------+-------------------------------------------
     0 | D:1      | IndexError the Draconian Conjurer began the quest for the
                  | Orb.
     0 | D:1      | Reached XP level 1. HP: 14/14 MP: 3/3
   243 | D:1      | Reached XP level 2. HP: 20/20 MP: 0/5
  1201 | D:2      | Reached XP level 3. HP: 26/26 MP: 0/7
  1280 | D:2      | Reached skill level 1 in Shields
  1342 | D:2      | Learned a level 2 spell: Searing Ray
  2738 | D:3      | Noticed a scorpion
  2743 | D:3      | Killed a scorpion
  2744 | D:3      | Reached skill level 2 in Shields
  2744 | D:3      | Reached skill level 3 in Spellcasting
  2744 | D:3      | Reached XP level 4. HP: 28/33 MP: 1/8
  2900 | D:3      | Reached XP level 5. HP: 34/38 MP: 1/9
  3620 | D:4      | Reached skill level 5 in Conjurations
  3623 | D:4      | Reached skill level 3 in Shields
  4371 | D:5      | Entered Level 5 of the Dungeon
  4374 | D:5      | Noticed an ogre
  4417 | D:5      | Killed an ogre
  4418 | D:5      | Reached XP level 6. HP: 14/45 MP: 6/11
  4551 | D:5      | Reached skill level 4 in Shields
  4683 | D:5      | Noticed a water moccasin
  4690 | D:5      | Killed a water moccasin
  4691 | D:5      | Reached skill level 4 in Spellcasting
  4691 | D:5      | Your scales start taking on a rich purple colour.
  4691 | D:5      | Reached XP level 7. HP: 50/50 MP: 2/14
  4863 | D:5      | Reached skill level 5 in Spellcasting
  5073 | D:5      | Reached skill level 5 in Shields
  5142 | D:5      | Reached skill level 6 in Conjurations
  5438 | D:5      | Found a bloodstained altar of Trog.
  5438 | D:5      | Found a glowing silver altar of Zin.
  5440 | D:5      | Found a shimmering blue altar of Sif Muna.
  5533 | D:5      | Found an opulent altar of Gozag.
  5607 | D:5      | Became a worshipper of Sif Muna the Loreminder
  5822 | D:6      | Reached skill level 6 in Spellcasting
  5825 | D:6      | HP: 12/50 [killer bee (6)]
  5828 | D:6      | Reached XP level 8. HP: 6/57 MP: 1/17
  5830 | D:6      | HP: 6/57 [poisoned by a killer bee]
  5990 | D:6      | Reached skill level 7 in Conjurations
  6227 | D:6      | Reached skill level 7 in Spellcasting
  6702 | D:6      | Reached skill level 8 in Conjurations
  6713 | D:6      | Found a hazy altar of Hepliaklqana.
  6779 | D:6      | Noticed Eustachio
  6789 | D:6      | Killed Eustachio
  6790 | D:6      | Reached skill level 8 in Spellcasting
  7071 | D:6      | Reached * piety under Sif Muna
  7177 | D:6      | Learned a level 4 spell: Fulminant Prism
  7182 | D:6      | Learned a level 4 spell: Iskenderun's Mystic Blast
  7227 | D:7      | Reached XP level 9. HP: 59/62 MP: 13/21
  7736 | D:7      | Reached skill level 9 in Spellcasting
  7851 | D:7      | Found a shimmering altar of Xom.
  7852 | D:7      | Found a burning altar of Makhleb.
  7960 | D:7      | Reached skill level 9 in Conjurations
  8047 | D:7      | Found a staircase to the Ecumenical Temple.
  8121 | D:7      | Identified the +9 falchion of Catuus {freeze, Dex+3}
  8368 | D:7      | Found a snail-covered altar of Cheibriados.
  8907 | D:8      | Reached skill level 10 in Spellcasting
  8912 | D:8      | Reached skill level 10 in Conjurations
  8946 | D:8      | Reached skill level 1 in Fighting
  8946 | D:8      | Reached skill level 1 in Hexes
  9089 | D:8      | Reached skill level 2 in Fighting
  9089 | D:8      | Reached skill level 2 in Hexes
  9196 | D:8      | Noticed a troll
  9202 | D:8      | Killed a troll
  9375 | D:8      | Reached ** piety under Sif Muna
  9376 | D:8      | Reached skill level 3 in Fighting
  9376 | D:8      | Reached skill level 3 in Hexes
  9821 | D:8      | Reached XP level 10. HP: 77/77 MP: 21/24
  9908 | Temple   | Entered the Ecumenical Temple
 10462 | D:9      | Found an ornate altar of the Wu Jian Council.
 10588 | D:9      | HP: 18/77 [komodo dragon (16)]
 10589 | D:9      | HP: 1/77 [komodo dragon (18)]
 10591 | D:9      | Reached skill level 4 in Fighting
 10591 | D:9      | Reached skill level 4 in Hexes
 10914 | D:9      | Reached skill level 5 in Fighting
 10914 | D:9      | Reached skill level 5 in Hexes
 11256 | D:9      | Noticed Grum
 11274 | D:9      | Killed Grum
 11470 | D:10     | Entered Level 10 of the Dungeon
 11541 | D:10     | Noticed a death yak
 11563 | D:10     | Noticed a death yak
 11564 | D:10     | Noticed a death yak
 11761 | D:10     | Reached skill level 6 in Fighting
 11761 | D:10     | Reached skill level 6 in Hexes
 11862 | D:10     | Reached skill level 7 in Fighting
 11883 | D:10     | Found a flagged portal.
 11893 | Bailey   | Entered a bailey
 11969 | Bailey   | Reached skill level 1 in Invocations
 12006 | Bailey   | Reached skill level 1 in Translocations
 12057 | Bailey   | Reached skill level 2 in Invocations
 12083 | Bailey   | Reached *** piety under Sif Muna
 12219 | Bailey   | Reached skill level 3 in Invocations
 12240 | Bailey   | Reached skill level 5 in Translocations
 12240 | Bailey   | Reached skill level 8 in Invocations
 12240 | Bailey   | Reached XP level 11. HP: 92/92 MP: 20/25
 12577 | Bailey   | Noticed an orc warlord
 12687 | Bailey   | Killed an orc warlord
 12688 | Bailey   | Reached skill level 9 in Invocations
 12793 | D:10     | Found a staircase to the Lair.
 12849 | D:10     | Found a radiant altar of Vehumet.
 12888 | D:10     | Reached XP level 12. HP: 93/101 MP: 21/26
 13034 | D:10     | Killed a death yak
 13035 | D:10     | Reached skill level 8 in Fighting
 13042 | D:10     | Killed a death yak
 13043 | D:10     | Reached skill level 10 in Invocations
 13050 | D:10     | Killed a death yak
 13054 | D:10     | Reached skill level 9 in Fighting
 13633 | D:11     | Reached skill level 2 in Dodging
 13638 | D:11     | HP: 26/106 [sixfirhy[a kobold demonologist] (11)]
 13639 | D:11     | Reached **** piety under Sif Muna
 13643 | D:11     | HP: 19/106 [wraith (1)]
 13650 | D:11     | HP: 18/106 [wraith (3)]
 13872 | D:11     | Noticed a two-headed ogre
 13957 | D:11     | Killed a two-headed ogre
 13958 | D:11     | Reached skill level 10 in Fighting
 13958 | D:11     | Reached skill level 3 in Dodging
 14139 | D:11     | Reached skill level 4 in Dodging
 14652 | D:12     | Reached skill level 5 in Dodging
 14659 | D:12     | Noticed a two-headed ogre
 14669 | D:12     | Killed a two-headed ogre
 14785 | D:12     | Found a staircase to the Orcish Mines.
 14944 | D:12     | Reached skill level 6 in Dodging
 15171 | D:12     | Found an iron altar of Okawaru.
 15348 | D:12     | Got Sovoedoing's Parchment of Amorphous Frost
 15475 | D:12     | Reached skill level 7 in Dodging
 15662 | D:12     | Noticed a centaur warrior
 15674 | D:12     | Killed a centaur warrior
 15677 | D:12     | Reached skill level 8 in Dodging
 15693 | D:12     | Noticed a two-headed ogre
 15702 | D:12     | Killed a two-headed ogre
 15773 | D:12     | Reached XP level 13. HP: 67/113 MP: 9/27
 16196 | D:12     | Reached skill level 9 in Dodging
 16310 | D:12     | Noticed an ettin
 16371 | D:12     | Killed an ettin
 16569 | D:12     | Reached skill level 10 in Dodging
 16838 | D:13     | Noticed Rupert
 16921 | D:13     | Noticed Erolcha
 16936 | Orc:1    | Entered Level 1 of the Orcish Mines
 16954 | Orc:1    | Noticed Urug
 17016 | Orc:1    | Killed Urug
 17189 | Orc:1    | Reached ***** piety under Sif Muna
 17423 | Orc:1    | Found Kozimimp's Antique Armour Boutique.
 17431 | Orc:1    | Bought a pair of glowing boots for 225 gold pieces
 17600 | Orc:2    | Entered Level 2 of the Orcish Mines
 17600 | Orc:2    | Found a staircase to the Elven Halls.
 17621 | Orc:2    | Received a gift from Sif Muna
 17633 | Orc:1    | Learned a level 5 spell: Freezing Cloud
 18065 | Orc:2    | Paralysed by an orc sorcerer for 4 turns
 18077 | Orc:2    | Reached skill level 1 in Ice Magic
 18077 | Orc:2    | Reached skill level 1 in Air Magic
 18085 | Orc:2    | Reached skill level 11 in Fighting
 18186 | Orc:2    | Reached skill level 2 in Ice Magic
 18186 | Orc:2    | Reached skill level 2 in Air Magic
 18774 | Orc:2    | Reached skill level 3 in Ice Magic
 18866 | Orc:2    | Reached skill level 3 in Air Magic
 18934 | Orc:2    | Found Acijipso's Book Boutique.
 18934 | Orc:2    | Found Bowijeth's Antique Weapon Shop.
 18937 | Orc:2    | Found Cesailaa's Magic Scroll Shop.
 18969 | Orc:2    | Found Wurug's Distillery.
 18974 | Orc:2    | Bought a scroll of identify for 20 gold pieces
 19090 | Orc:2    | Found Yhedoghe's Overcharged Wands.
 19110 | Orc:2    | Received a gift from Sif Muna
 19113 | Orc:2    | Got Sif Muna's Almanac of the Missiles {god gift}
 19193 | Orc:2    | Found a transporter.
 19208 | Orc:2    | Found a transporter.
 19212 | Orc:2    | Identified the +7 great mace of Xoetzox {spect, *Noise
                  | Will+++ Str+5}
 19212 | Orc:2    | Noticed an ettin
 19213 | Orc:2    | Noticed fungusakafungus's ghost (journeyman MiBe)
 19438 | Orc:2    | Reached skill level 4 in Ice Magic
 19439 | Orc:2    | Reached skill level 4 in Air Magic
 19448 | Orc:2    | HP: 19/117 [+3 giant club[an ettin] (22)]
 19452 | Orc:2    | Killed an ettin
 19454 | Orc:2    | Killed fungusakafungus's ghost
 19763 | Lair:1   | Entered Level 1 of the Lair of Beasts
 19782 | Lair:1   | Reached skill level 12 in Fighting
 19832 | Lair:1   | Reached XP level 14. HP: 116/126 MP: 28/28
 19848 | Lair:1   | Reached skill level 5 in Ice Magic
 19848 | Lair:1   | Reached skill level 5 in Air Magic
 21518 | Lair:2   | Found a dark tunnel.
 21528 | Volcano  | Entered a volcano
 21856 | Volcano  | Reached skill level 6 in Ice Magic
 21856 | Volcano  | Reached skill level 6 in Air Magic
 21945 | Volcano  | Found a radiant altar of Vehumet.
 22544 | Lair:2   | Found a staircase to the Shoals.
 22710 | Lair:2   | Reached skill level 13 in Fighting
 23142 | Lair:2   | You fall into a shaft and drop 1 floor!
 23351 | Lair:3   | Received a gift from Sif Muna
 23485 | Lair:3   | Reached skill level 7 in Ice Magic
 23485 | Lair:3   | Reached skill level 7 in Air Magic
 23622 | Lair:3   | Noticed Amaemon
 23824 | Lair:2   | Killed Amaemon
 23962 | Lair:3   | Reached skill level 14 in Fighting
 24065 | Lair:3   | Got Sif Muna's Catalogue of the Baneful Oath {god gift}
 24069 | Lair:3   | Learned a level 2 spell: Cigotuvi's Dreadful Rot
 24076 | Lair:3   | Noticed Sonja
 24082 | Lair:3   | Killed Sonja
 24278 | Lair:3   | Found a staircase to the Snake Pit.
 24724 | Snake:1  | Entered Level 1 of the Snake Pit
 24724 | Snake:1  | Noticed Kirke
 24726 | Snake:1  | Noticed Aizul
 25233 | Lair:4   | Reached skill level 15 in Fighting
 25716 | Lair:4   | Reached XP level 15. HP: 141/141 MP: 24/29
 25808 | Lair:4   | Found a viscous altar of Jiyva.
 25817 | Lair:4   | Found a staircase to the Slime Pits.
 26377 | Lair:5   | Entered Level 5 of the Lair of Beasts
 26654 | Lair:5   | Reached skill level 11 in Spellcasting
 26718 | Lair:5   | Reached skill level 11 in Conjurations
 26952 | Lair:5   | Paralysed by a hornet for 3 turns
 27114 | Lair:5   | Received a gift from Sif Muna
 27115 | Lair:5   | Got Sif Muna's Precepts of the Missiles {god gift}
 27122 | Lair:5   | Learned a level 5 spell: Iskenderun's Battlesphere
 27280 | Lair:5   | Reached skill level 12 in Spellcasting
 27779 | Lair:5   | Reached skill level 12 in Conjurations
 27942 | Lair:5   | Found a runed translucent door.
 28309 | Lair:5   | Reached skill level 1 in Staves
 28309 | Lair:5   | Reached skill level 1 in Evocations
 28615 | Lair:5   | HP: 29/140 [swamp dragon (11)]
 28776 | Lair:5   | Reached skill level 2 in Evocations
 28979 | Lair:5   | Reached skill level 2 in Staves
 29584 | D:13     | Killed Rupert
 29590 | D:13     | Reached skill level 3 in Evocations
 29663 | D:13     | Reached skill level 3 in Staves
 29885 | D:13     | You fall into a shaft and drop 2 floors!
 29885 | D:15     | Entered Level 15 of the Dungeon
 29965 | D:15     | Reached skill level 4 in Evocations
 30176 | D:15     | Reached skill level 4 in Staves
 30764 | D:15     | Found a staircase to the Depths.
 30768 | D:15     | Reached skill level 5 in Evocations
 30768 | D:15     | Reached XP level 16. HP: 91/149 MP: 2/32
 30963 | D:15     | Reached skill level 11 in Dodging
 31015 | D:15     | Received a gift from Sif Muna
 31149 | D:14     | Found a gate to the Vaults.
 31157 | D:14     | Reached skill level 5 in Staves
 31199 | D:13     | Reached skill level 6 in Evocations
 31202 | D:13     | HP: 35/149 [skeletal warrior/+2 long sword of electrocution
                  | (17)]
 31336 | D:14     | HP: 36/149 [skeletal warrior/+0 scimitar (18)]
 31336 | D:14     | HP: 13/149 [skeletal warrior/+2 halberd of flaming (20)]
 31353 | D:14     | HP: 30/149 [skeletal warrior/+2 halberd of flaming (14)]
 31362 | D:14     | HP: 31/149 [skeletal warrior/+0 scimitar (2)]
 31728 | D:13     | Reached skill level 6 in Staves
 31893 | D:13     | Found Forphew's Magic Scroll Emporium.
 32046 | D:13     | Noticed Maurice
 32053 | D:13     | Killed Maurice
 32217 | D:13     | Killed Erolcha
 32856 | D:14     | Reached skill level 7 in Evocations
 33639 | D:15     | Found a transporter.
 33650 | D:15     | Noticed brae's ghost (adept HuBe)
 33669 | D:15     | Found a transporter.
 33936 | D:15     | HP: 32/149 [cloud of freezing vapour (6)]
 33937 | D:15     | HP: 9/149 [cloud of freezing vapour (8)]
 33937 | D:15     | HP: 1/149 [poisoned by brae's ghost]
 33937 | D:15     | Slain by brae's ghost

Illustrated notes

Levels and vault maps discovered:
D:1:      dpeg_arrival_boxes_within_box, layout_basic
D:2:      layout_basic
D:3:      layout_basic
D:4:      layout_rooms, portal_sewer_entry_b
D:5:      layout_basic, nicolae_overflow_quartered_altars
D:6:      minmay_razor_zed, layout_basic, nicolae_hepliaklqana_hazy_memory,
          uniq_eustachio
D:7:      layout_loops_cross, grunt_temple_overflow_champion_of_chaos,
          cheibrodos_worm_habitat, minmay_temple_entry_from_below_a
D:8:      layout_basic, skrybe_limestone_x, kb_lookout_dungeons_type,
          the_hattery
D:9:      layout_irregular_city, nicolae_wu_jian_wuxing_cycle, uniq_grum
D:10:     layout_basic, marbit_many_paths, dpeg_lair_monsters, enter_bailey_3
D:11:     layout_roguey, dreamdust_wishing_well
D:12:     kennysheep_snake, layout_rooms, hiddenorc2_lemuel,
          hellmonk_okawaru_the_only_friend_you_need
D:13:     layout_irregular_city, serial_shops, shop, serial_undead,
          serial_undead_d, serial_undead_e, serial_undead_a, serial_undead_f,
          serial_undead_a, serial_undead_a, uniq_maurice, uniq_erolcha,
          uniq_rupert
D:14:     layout_basic, erik_vaults_2, beargit_elvish_explorers
D:15:     hangedman_depths_entry_try_elsewhere_first, layout_cave_pools,
          gammafunk_ghost_hive
Temple:   nicolae_temple_bog_church
Lair:1:   layout_cave_pods, nicolae_quartered_pool_super, hibernation_bobbens,
          lemuel_fruit_tree, infiniplex_staircase_pool
Lair:2:   layout_misc_corridors, minmay_shoals_entry_hut,
          nicolae_volcano_entry_two_sided, grunt_forest_stairs_basic,
          grunt_megastairs_3
Lair:3:   layout_concentric_octagons, minmay_snake_entry_six_corridors,
          uniq_amaemon, uniq_sonja
Lair:4:   layout_hall_layers, minmay_slime_entry_oklob_enclosed
Lair:5:   guppyfry_lair_end_dragon, layout_long_grid, wormcave,
          infiniplex_staircase_pool_2
Snake:1:  layout_layer_cave, portal_ice_cave_entry_ice_simulacra, drop_trap,
          nicolae_shop_clearance, uniq_agnes, uniq_aizul, uniq_mlioglotl,
          uniq_kirke
Orc:1:    layout_diamond_mine, basic_altar, serial_shops, shop, uniq_urug
Orc:2:    st_orc_mages, layout_caves, gammafunk_ghost_smash,
          nicolae_shop_overcharged_wands

Skill      XL: |  1  2  3  4  5  6  7  8  9 10 11 12 13 14 15 16 |
---------------+-------------------------------------------------+-----
Shields        | 2 3 4 5 |  5.0
Spellcasting   | 3 4 6 8 10 12 | 12.0
Conjurations   | 5 6 8 10 12 | 12.0
Fighting       | 3 7 10 12 15 | 15.0
Hexes          | 3 6 |  6.0
Invocations    | 8 9 10 | 10.0
Translocations | 5 |  5.3
Dodging        | 8 10 11 | 11.8
Ice Magic      | 4 7 |  7.0
Air Magic      | 4 7 |  7.0
Staves         | 4 6 |  6.8
Evocations     | 5 7 |  7.5
Stealth        | |  1.7

Action                     |  1- 3 |  4- 6 |  7- 9 | 10-12 | 13-15 | 16-18 || total
---------------------------+-------+-------+-------+-------+-------+-------++-------
  Melee: Dagger            |     3 |    52 |    47 |       |       |       ||   102
         Unarmed           |     2 |       |       |       |       |       ||     2
         Tailslap          |     1 |     6 |     8 |    33 |   141 |    26 ||   215
         Falchion          |       |       |    28 |   312 |   647 |       ||   987
         Great mace        |       |       |       |       |    28 |   114 ||   142
         Staff             |       |       |       |       |     7 |       ||     7
   Cast: Magic Dart        |    75 |    22 |    63 |   102 |   414 |    53 ||   729
         Searing Ray       |     2 |    17 |    59 |    63 |    67 |     4 ||   212
         Fulminant Prism   |       |       |     4 |    40 |    64 |    16 ||   124
         Iskenderun's Myst |       |       |       |    24 |   258 |    40 ||   322
         Iskenderun's Batt |       |       |       |       |    30 |    12 ||    42
         Freezing Cloud    |       |       |       |       |     4 |     4 ||     8
         Cigotuvi's Dreadf |       |       |       |       |     3 |       ||     3
 Invoke: Channel Magic     |       |       |       |     5 |    14 |     3 ||    22
  Evoke: Wand              |       |       |     2 |     3 |       |       ||     5
    Use: Scroll            |       |    13 |     9 |    11 |    11 |     1 ||    45
         Potion            |       |       |       |     3 |     2 |     2 ||     7
   Stab: Sleeping          |       |       |     1 |       |     2 |       ||     3
         Distracted        |       |       |       |     1 |       |     2 ||     3
 Armour: Skin              |     1 |    29 |    60 |   245 |   604 |   113 ||  1052
  Dodge: Dodged            |     9 |    65 |    89 |   300 |   925 |   192 ||  1580
  Block: Buckler           |       |    13 |    54 |   130 |   279 |       ||   476
         Reflection        |       |       |     5 |     1 |     2 |       ||     8

Levels and vault maps discovered:
D:1:      dpeg_arrival_boxes_within_box, layout_basic
D:2:      layout_basic
D:3:      layout_basic
D:4:      layout_rooms, portal_sewer_entry_b
D:5:      layout_basic, nicolae_overflow_quartered_altars
D:6:      minmay_razor_zed, layout_basic, nicolae_hepliaklqana_hazy_memory,
          uniq_eustachio
D:7:      layout_loops_cross, grunt_temple_overflow_champion_of_chaos,
          cheibrodos_worm_habitat, minmay_temple_entry_from_below_a
D:8:      layout_basic, skrybe_limestone_x, kb_lookout_dungeons_type,
          the_hattery
D:9:      layout_irregular_city, nicolae_wu_jian_wuxing_cycle, uniq_grum
D:10:     layout_basic, marbit_many_paths, dpeg_lair_monsters, enter_bailey_3
D:11:     layout_roguey, dreamdust_wishing_well
D:12:     kennysheep_snake, layout_rooms, hiddenorc2_lemuel,
          hellmonk_okawaru_the_only_friend_you_need
D:13:     layout_irregular_city, serial_shops, shop, serial_undead,
          serial_undead_d, serial_undead_e, serial_undead_a, serial_undead_f,
          serial_undead_a, serial_undead_a, uniq_maurice, uniq_erolcha,
          uniq_rupert
D:14:     layout_basic, erik_vaults_2, beargit_elvish_explorers
D:15:     hangedman_depths_entry_try_elsewhere_first, layout_cave_pools,
          gammafunk_ghost_hive
Temple:   nicolae_temple_bog_church
Lair:1:   layout_cave_pods, nicolae_quartered_pool_super, hibernation_bobbens,
          lemuel_fruit_tree, infiniplex_staircase_pool
Lair:2:   layout_misc_corridors, minmay_shoals_entry_hut,
          nicolae_volcano_entry_two_sided, grunt_forest_stairs_basic,
          grunt_megastairs_3
Lair:3:   layout_concentric_octagons, minmay_snake_entry_six_corridors,
          uniq_amaemon, uniq_sonja
Lair:4:   layout_hall_layers, minmay_slime_entry_oklob_enclosed
Lair:5:   guppyfry_lair_end_dragon, layout_long_grid, wormcave,
          infiniplex_staircase_pool_2
Snake:1:  layout_layer_cave, portal_ice_cave_entry_ice_simulacra, drop_trap,
          nicolae_shop_clearance, uniq_agnes, uniq_aizul, uniq_mlioglotl,
          uniq_kirke
Orc:1:    layout_diamond_mine, basic_altar, serial_shops, shop, uniq_urug
Orc:2:    st_orc_mages, layout_caves, gammafunk_ghost_smash,
          nicolae_shop_overcharged_wands

Table legend: (Time is in decaauts)
 A = Elapsed time spent in this place.
 B = Non-inter-level travel time spent in this place.
 C = Inter-level travel time spent in this place.
 D = Time resting spent in this place.
 E = Time spent auto-exploring this place.
 F = Levels seen in this place.
 G = Mean time per level.
                   A        B        C        D        E       F      G
               +--------+--------+--------+--------+--------+-----+--------+
         Total |  34547 |  31918 |   2629 |    407 |  24762 |  26 | 1328.7 |
       Dungeon |  21095 |  19325 |   1770 |    407 |  15416 |  15 | 1406.3 |
        Temple |    197 |    176 |     21 |      0 |    163 |   1 |  197.0 |
          Lair |   9242 |   8563 |    679 |      0 |   6703 |   5 | 1848.4 |
     Snake Pit |      2 |      2 |      0 |      0 |      0 |   1 |    2.0 |
  Orcish Mines |   2622 |   2464 |    158 |      0 |   1825 |   2 | 1311.0 |
        Bailey |    894 |    894 |      0 |      0 |    372 |   1 |  894.0 |
       Volcano |    492 |    492 |      0 |      0 |    283 |   1 |  492.0 |
               +--------+--------+--------+--------+--------+-----+--------+

Top non-repeatable levels by time:
    D:12: 2569 daAuts
  Lair:5: 2373 daAuts
  Lair:2: 1950 daAuts
  Lair:4: 1890 daAuts
  Lair:1: 1823 daAuts
    D:15: 1820 daAuts
     D:6: 1650 daAuts
     D:8: 1518 daAuts
   Orc:2: 1515 daAuts
    D:13: 1509 daAuts
    D:14: 1396 daAuts
    D:11: 1354 daAuts
     D:5: 1346 daAuts
     D:7: 1266 daAuts
     D:2: 1261 daAuts

Table legend:
 A = Kills in this place as a percentage of kills in the entire game.
 B = Kills by you in this place as a percentage of kills by you in the entire game.
 C = Kills by friends in this place as a percentage of kills by friends in the entire game.
 D = Other kills in this place as a percentage of other kills in the entire game.
 E = Experience gained in this place as a percentage of experience gained in the entire game.
 F = Experience gained in this place divided by the number of levels of this place that you have seen.
                   A       B       C       D       E      F
               +-------+-------+-------+-------+-------+----------------------
         Total | 100.0 | 100.0 | 100.0 | 100.0 | 100.0 | 6777.2
       Dungeon |  51.1 |  51.2 |   0.0 |  50.0 |  47.9 | 5622.7
          Lair |  28.5 |  28.5 |   0.0 |  50.0 |  37.4 | 13180.2
  Orcish Mines |  12.2 |  12.2 |   0.0 |   0.0 |   9.6 | 8451.5
        Bailey |   6.0 |   5.9 | 100.0 |   0.0 |   1.8 | 3213.0
       Volcano |   2.3 |   2.3 |   0.0 |   0.0 |   3.3 | 5850.0
               +-------+-------+-------+-------+-------+----------------------
